 Dungeon Crawl Stone Soup version 0.30-a0-576-g89cddaab80 (webtiles) character file.

Game seed: 16769608159753114434

48 Ottie3000 the Covered (level 3, -4/33 HPs)
             Began as a Minotaur Fighter on Dec 1, 2022.
             Slain by Crazy Yiuf
             ... wielding a +4 quarterstaff of chaos
              (7 damage)
             ... on level 2 of the Dungeon on Dec 30, 2022.
             The game lasted 00:15:44 (1894 turns).

Ottie3000 the Covered (Minotaur Fighter)            Turns: 1894, Time: 00:15:45

Health: -4/33      AC: 14    Str: 22    XL:     3   Next: 50%
Magic:  2/2        EV:  3    Int:  5    God:
Gold:   102        SH:  4    Dex:  7    Spells: 2/2 levels left

rFire   . . .      SeeInvis .    a - +0 war axe
rCold   + + .      Faith    .    c - +0 buckler
rNeg    . . .      Spirit   .    e - +0 gold dragon scales
rPois   +          Reflect  .    (helmet restricted)
rElec   .          Harm     .    (no cloak)
rCorr   .          Rampage  .    (no gloves)
Will    .....                    (no boots) Stlth
                                 (no amulet)
HPRegen 0.25/turn                l - ring of ice
MPRegen 0.08/turn                (no ring)

@: hasted, very quick
A: horns 2, retaliatory headbutt, clumsy 1, deterioration 1, devolution 1
a: no special abilities


You were on level 2 of the Dungeon.
You visited 1 branch of the dungeon, and saw 2 of its levels.

You collected 102 gold pieces.

Inventory:

Hand Weapons
 a - a +0 war axe (weapon)
Armour
 b - a +0 scale mail
 c - a +0 buckler (worn)
 e - +0 gold dragon scales (worn)
Jewellery
 l - a ring of ice (left hand)
 p - a ring of protection from fire
 q - a ring of ice
Scrolls
 i - a scroll of noise
 k - a scroll of immolation
 r - a scroll of teleportation
Potions
 d - 3 potions of might
 g - 2 potions of haste {unknown}
 h - a potion of curing {unknown}
 j - 3 potions of flight {unknown}
 m - a potion of berserk rage {unknown}
 n - a potion of heal wounds {unknown}


   Skills:
 + Level 4.1 Fighting
 + Level 3.3 Axes
 + Level 4.2 Armour
 + Level 4.0 Shields


You had 2 spell levels left.
You didn't know any spells.
Your spell library contained the following spells:

 Spells                   Type           Power      Damage    Failure   Level
 Vhi's Electric Charge    Tloc/Air       0%         N/A       100%        3
 Arcjolt                  Conj/Air       0%         1d10      100%        5
 Maxwell's Capacitive Co  Air            0%         ∞         100%        8


Dungeon Overview and Level Annotations

Branches:
Dungeon (2/15)

Altars:

Annotations:
D:2 Crazy Yiuf


Innate Abilities, Weirdness & Mutations

You have a pair of horns on your head.
You reflexively headbutt those who attack you in melee.
You are clumsy. (Dex -2)
Your body sometimes deteriorates upon taking damage.
You have hidden genetic defects.


Message History

You see here a +0 club.
Found a scroll of teleportation.
r - a scroll of teleportation You see here a +0 war axe.
You see here a +0 club.
Things that are here:
4 stones; a +0 short sword Crazy Yiuf shouts!
You open the door. You hit Crazy Yiuf but do no damage.
Your headbutt misses Crazy Yiuf.
Crazy Yiuf hits you with a +4 quarterstaff of chaos!
Crazy Yiuf freezes you.
You hit Crazy Yiuf but do no damage. Your headbutt misses Crazy Yiuf.
Crazy Yiuf barely misses you.
You closely miss Crazy Yiuf.
Crazy Yiuf hits you with a +4 quarterstaff of chaos.
Crazy Yiuf burns you.
Crazy Yiuf hits you with a +4 quarterstaff of chaos!
Crazy Yiuf freezes you.
You hit Crazy Yiuf.
Crazy Yiuf is lightly wounded.
Crazy Yiuf hits you with a +4 quarterstaff of chaos!
* * * LOW HITPOINT WARNING * * *
You feel yourself speed up.
As you read the scroll labelled LUBLYV ZEDEC, it crumbles to dust.
It is a scroll of amnesia.
You feel forgetful for a moment. Crazy Yiuf barely misses you.
You furiously retaliate!
You headbutt Crazy Yiuf.
As you read the scroll labelled JEOSEM WUATE, it crumbles to dust.
The creatures around you are filled with an inner flame!
It was a scroll of immolation.
As you read the scroll labelled DEASKI HENGIE, it crumbles to dust.
You hear a loud clanging noise!
It was a scroll of noise.
Crazy Yiuf completely misses you.
It was a potion of mutation.
You feel extremely strange.
You feel a hidden malignance growing inside you.
You feel yourself wasting away.
You feel clumsy.
Crazy Yiuf says, "Fire sallow alas!"
Crazy Yiuf hits you with a +4 quarterstaff of chaos!
You die...

.#.###.....#
#....####..)..####.#
....##.##### #....#
#...........
..#..#.# ♣....♣
#..>.#####.#
.....#.# ♣...♣♣
#....#####.#
.#.#.#.##### ♣♣.♣♣
#.##........
##.........# ♣.♣♣
#...........
##.........# ♣♣.♣
####.#####.#
##.........# ♣.♣♣
#.# #.. ##.........#
♣♣@♣ #.# ###
#......)..# #g#
####.# ##..)##.###
... #....# #...##.#
#...# ######
#...##.# #..)#
######### #...##.###
##### #.......#
#...##...# #######.#
###...#############
#.# ......#
#.......# #.####


You could see Crazy Yiuf (inner flame).

Vanquished Creatures
  An adder (D:2)
  A dart slug (D:1)
  4 ball pythons
  3 endoplasms (D:1)
  2 giant cockroaches (D:1)
  5 goblins
  2 hobgoblins (D:2)
  A quokka (D:2)
  5 bats
  2 frilled lizards
  4 kobolds
  4 rats
34 creatures vanquished.

Vanquished Creatures (others)
  2 fungi (D:2)
  A plant (D:1)
3 creatures vanquished.

Grand Total: 37 creatures vanquished

Notes
Turn   | Place    | Note
-------+----------+-------------------------------------------
     0 | D:1      | Ottie3000 the Minotaur Fighter began the quest for the Orb.
     0 | D:1      | Reached XP level 1. HP: 19/19 MP: 0/0
   260 | D:1      | Reached XP level 2. HP: 27/27 MP: 1/1
   266 | D:1      | Upgraded the game from 0.30-a0-381-g6ea064c7b4 to
                  | 0.30-a0-424-g7412bad402
   500 | D:1      | Upgraded the game from 0.30-a0-424-g7412bad402 to
                  | 0.30-a0-576-g89cddaab80
  1122 | D:2      | Reached XP level 3. HP: 33/33 MP: 2/2
  1457 | D:2      | Found a runed translucent door.
  1458 | D:2      | Noticed Crazy Yiuf
  1894 | D:2      | Gained mutation: You have hidden genetic defects. [potion
                  | of mutation]
  1894 | D:2      | Gained mutation: Your body sometimes deteriorates upon
                  | taking damage. [potion of mutation]
  1894 | D:2      | Gained mutation: You are clumsy. (Dex -2) [potion of
                  | mutation]
  1894 | D:2      | Slain by Crazy Yiuf

Illustrated notes

Levels and vault maps discovered:
D:1:      lightli_arrival_statuegarden, layout_basic
D:2:      layout_loops_ring, uniq_crazy_yiuf_cottage

Skill      XL: |  1  2 |
---------------+-------+-----
Fighting       | 4 |  4.1
Armour         | 4 |  4.2
Shields        | 4 |  4.0
Axes           | 3 |  3.3

Action                   || total
-------------------------++-------
Melee: War axe           ||    88
       Headbutt          ||     9
  Use: Scroll            ||     4
       Potion            ||     1
Armor: Gold dragon scale ||    94
Dodge: Dodged            ||    21
Block: Buckler           ||    28

Table legend: (Time is in decaauts)
 A = Elapsed time spent in this place.
 B = Non-inter-level travel time spent in this place.
 C = Inter-level travel time spent in this place.
 D = Time resting spent in this place.
 E = Time spent auto-exploring this place.
 F = Levels seen in this place.
 G = Mean time per level.
                   A        B        C        D        E       F      G
               +--------+--------+--------+--------+--------+-----+--------+
         Total |   1931 |   1905 |     26 |     11 |      0 |   2 |  965.5 |
       Dungeon |   1931 |   1905 |     26 |     11 |      0 |   2 |  965.5 |
               +--------+--------+--------+--------+--------+-----+--------+

Top non-repeatable levels by time:
     D:2: 1058 daAuts
     D:1: 873 daAuts
